 Dungeon Crawl Stone Soup version 0.17.1-1-g73c8601 (webtiles) character file.

1157 Maia the Summoner (level 8, -1/46 HPs)
             Began as a Human Summoner on Dec 25, 2015.
             Was a Believer of Sif Muna.
             Slain by an ice beast (7 damage)
             ... on level 6 of the Dungeon.
             The game lasted 00:22:01 (6321 turns).

Maia the Summoner (Human Summoner)                  Turns: 6321, Time: 00:22:01

Health: -1/46      AC:  5    Str: 10    XL:     8   Next: 66%
Magic:  15/15      EV: 12    Int: 17    God:    Sif Muna [**....]
Gold:   5          SH:  0    Dex: 16    Spells: 6 memorised, 0 levels left

rFire  . . .     SeeInvis +     y - +5 flail of the Warrior-Mage {flame, *Corrode MR++ Dex+3 SInv}
rCold  . . .     Clarity  .     a - +0 robe
rNeg   . . .     SustAt   .     (no shield)
rPois  .         Gourm    .     (no helmet)
rElec  .         Spirit   .     l - +0 cloak
rCorr  .         Warding  .     v - +0 pair of gloves
rMut   .         Stasis   .     (no boots)
MR     ++...                    (no amulet)
Stlth  ++........               (no ring)
                                f - +5 ring of protection

@: corroded equipment, very resistant to hostile enchantments, unstealthy
A: blurry vision 1, frail 1
a: Channel Energy, Forget Spell, Renounce Religion


You were on level 6 of the Dungeon.
You worshipped Sif Muna.
Sif Muna was pleased with you.
You were not hungry.

You visited 2 branches of the dungeon, and saw 7 of its levels.

You collected 260 gold pieces.
You spent 255 gold pieces at shops.

Inventory:

Hand Weapons
 n - a +0 long sword
 y - the +5 flail of the Warrior-Mage (weapon) {flame, *Corrode MR++ Dex+3 SInv}
   (You bought it in a shop on level 4 of the Dungeon)

   It has been specially enchanted to burn those struck by it, causing extra
   injury to most foes and up to half again as much damage against particularly
   susceptible opponents.
   It affects your dexterity (+3).
   It affects your resistance to hostile enchantments.
   It lets you see invisible.
   It may corrode your equipment when you take damage.
Armour
 a - a +0 robe (worn)
 l - a +0 cloak (worn)
 v - a +0 pair of gloves (worn)
Jewellery
 d - an uncursed ring of fire
 f - a +5 ring of protection (left hand)
Wands
 m - a wand of confusion (25)
Scrolls
 e - 2 scrolls of noise {unknown}
 g - 3 scrolls of blinking
 i - 2 scrolls of identify
 k - 2 scrolls of teleportation
 o - a scroll of enchant armour {unknown}
 r - 2 scrolls of recharging
 s - a scroll of magic mapping {unknown}
 t - 2 scrolls of enchant weapon {unknown}
 u - 3 scrolls of remove curse
 z - a scroll of amnesia {unknown}
Potions
 h - 4 potions of curing
 p - a potion of haste {unknown}
 q - a potion of agility {unknown}
 x - a potion of heal wounds {unknown}
 A - a potion of magic {unknown}
Books
 b - a book of Callings

   Spells                             Type                      Level
   a - Summon Small Mammal            Summoning                    1
   b - Call Imp                       Summoning                    2
   c - Call Canine Familiar           Summoning                    3
   d - Summon Guardian Golem          Hexes/Summoning              3
   e - Summon Lightning Spire         Summoning/Air                4
   f - Summon Ice Beast               Ice/Summoning                4
Comestibles
 c - 4 bread rations
 j - 2 slices of pizza
 w - 2 beef jerkies


   Skills:
 - Level 2.0 Dodging
 - Level 2.0 Stealth
 - Level 5.0 Spellcasting
 + Level 8.3 Summonings
 + Level 3.6 Ice Magic


You couldn't memorise any spells.
You knew the following spells:

 Your Spells              Type           Power        Failure   Level  Hunger
a - Summon Small Mammal   Summ           ####         1%          1    None
b - Call Imp              Summ           ####....     1%          2    #......
c - Call Canine Familiar  Summ           ####....     1%          3    ###....
d - Summon Guardian Gole  Hex/Summ       ###.....     10%         3    ###....
e - Summon Ice Beast      Ice/Summ       ###.....     14%         4    ####...
f - Summon Lightning Spi  Summ/Air       ###.....     30%         4    ####...


Dungeon Overview and Level Annotations

Branches:
Dungeon (6/15)             Temple (1/1) D:4

Altars:
Ashenzari
Cheibriados
Dithmenos
Elyvilon
Gozag
Makhleb
Okawaru
Ru
Sif Muna
Trog
Vehumet
Yredelemnul

Shops:
D:4 (   D:5 :


Innate Abilities, Weirdness & Mutations

Scrolls take you a little longer to read.
You are frail (-10% HP).


Message History

You closely miss the ice beast.
The ice beast is moderately wounded.
The ice beast hits you but does no damage.
You closely miss the ice beast.
The ice beast is moderately wounded.
The ice beast hits you. The ice beast freezes you!
The ice beast hits you but does no damage.
You completely miss the ice beast.
The ice beast is moderately wounded.
The ice beast closely misses you.
You hit the ice beast but do no damage.
The ice beast is moderately wounded.
The ice beast hits you. The ice beast freezes you!
* * * LOW HITPOINT WARNING * * *
You completely miss the ice beast.
The ice beast is moderately wounded.
The ice beast hits you.
* * * LOW HITPOINT WARNING * * *
The ice beast freezes you!
You die...

########
#>.....# #<# #
####.####.####
#......@Y<...#
#.##)####.##.#
# #/# # ..#
####


You could see an ice beast.

Vanquished Creatures
  A sky beast (D:5)
  An ogre (D:5)
  4 crimson imps (D:5)
  2 hounds (D:4)
  A centaur skeleton (D:5)
  A jelly (D:5)
  4 orc priests
  An iguana (D:5)
  A giant frog skeleton (D:5)
  3 orc wizards (D:5)
  3 worker ants
  A hound zombie (D:5)
  A hound skeleton (D:4)
  8 adders
  An ooze (D:5)
  An adder skeleton (D:4)
  A worm (D:3)
  2 giant geckos
  20 orcs
  11 goblins
  7 hobgoblins
  5 jackals
  5 kobolds
  A quokka (D:4)
  4 ball pythons
  8 bats
  2 giant cockroaches
  A giant gecko skeleton (D:4)
  9 giant newts
  9 rats
119 creatures vanquished.

Vanquished Creatures (collateral kills)
  A sky beast (D:5)
  A centaur (D:5)
  An iguana (D:4)
  A hound (D:4)
  2 orc priests (D:3)
  4 orc wizards
  An adder (D:3)
  An adder zombie (D:5)
  5 orcs
  A goblin (D:2)
18 creatures vanquished.

Grand Total: 137 creatures vanquished

Notes
Turn   | Place    | Note
--------------------------------------------------------------
     0 | D:1      | Maia the Human Summoner began the quest for the Orb.
     0 | D:1      | Reached XP level 1. HP: 13/13 MP: 3/3
   156 | D:1      | Reached XP level 2. HP: 13/19 MP: 5/5
   250 | D:1      | Learned a level 2 spell: Call Imp
   607 | D:1      | Reached XP level 3. HP: 20/24 MP: 6/6
   623 | D:1      | Learned a level 3 spell: Call Canine Familiar
   775 | D:2      | Reached skill level 5 in Summonings
  1042 | D:2      | Reached XP level 4. HP: 30/30 MP: 7/7
  2183 | D:3      | Reached XP level 5. HP: 35/35 MP: 8/8
  2369 | D:4      | Learned a level 3 spell: Summon Guardian Golem
  2556 | D:3      | Reached skill level 6 in Summonings
  2725 | D:3      | Reached XP level 6. HP: 22/41 MP: 10/10
  3770 | D:4      | Found a staircase to the Ecumenical Temple.
  3777 | Temple   | Entered the Ecumenical Temple
  3977 | Temple   | Became a worshipper of Sif Muna the Loreminder
  4046 | D:4      | Found a deep blue altar of Sif Muna.
  4184 | D:4      | Reached XP level 7. HP: 29/46 MP: 13/13
  4447 | D:4      | Found Wuyw's Antique Weapon Boutique.
  4455 | D:4      | Bought a polished flail for 255 gold pieces
  4455 | D:4      | Identified the +5 flail of the Warrior-Mage {flame, *Corrode MR++ Dex+3 SInv} (You bought it in a shop on level 4 of the Dungeon)
  4461 | D:4      | Learned a level 4 spell: Summon Ice Beast
  4606 | D:5      | Entered Level 5 of the Dungeon
  4611 | D:5      | Found an iron altar of Okawaru.
  4739 | D:5      | Reached skill level 7 in Summonings
  4898 | D:5      | Reached * piety under Sif Muna
  4898 | D:5      | Reached skill level 5 in Spellcasting
  5157 | D:5      | Reached skill level 1 in Ice Magic
  5157 | D:5      | Reached XP level 8. HP: 27/52 MP: 12/15
  5161 | D:5      | Gained mutation: You are frail (-10% HP). [mutagenic meat]
  5162 | D:5      | Gained mutation: Scrolls take you a little longer to read. [mutagenic meat]
  5581 | D:5      | Reached skill level 8 in Summonings
  5704 | D:5      | Found Siutzidd's Book Boutique.
  5719 | D:5      | Learned a level 4 spell: Summon Lightning Spire
  5973 | D:5      | Reached ** piety under Sif Muna
  6321 | D:6      | Slain by an ice beast

Action                   |  1- 3 |  4- 6 |  7- 9 || total
-------------------------+-------+-------+-------++-------
Melee: Mace              |    88 |       |       ||    88
       Unarmed           |     9 |       |       ||     9
       Long sword        |    10 |   220 |    12 ||   242
       Flail             |       |       |   152 ||   152
 Cast: Call Imp          |       |     4 |     7 ||    11
       Call Canine Famil |       |     9 |     9 ||    18
  Use: Scroll            |       |     3 |     2 ||     5
       Potion            |       |     1 |       ||     1
 Stab: Sleeping          |     5 |     5 |     3 ||    13
  Eat: Chunk             |       |    10 |     9 ||    19
       Pizza             |       |     1 |     1 ||     2
